 Dungeon Crawl Stone Soup version 0.21-a0-154-gb5400c9 (webtiles) character file.

522 KristoblXynda the Vexing (level 7, -7/46 HPs)
             Began as a Gnoll Enchanter on Aug 2, 2017.
             Was an Initiate of Nemelex Xobeh.
             Shot with an arrow by a centaur (8 damage)
             ... on level 5 of the Dungeon.
             The game lasted 00:09:41 (3981 turns).

KristoblXynda the Vexing (Gnoll Enchanter)          Turns: 3981, Time: 00:09:42

Health: -7/46      AC:  3    Str:  7    XL:     7   Next: 22%
Magic:  15/15      EV: 12    Int:  7    God:    Nemelex Xobeh [......]
Gold:   310        SH:  0    Dex:  7    Spells: 12/17 levels left

rFire    . . .     SeeInvis .   f - +2 dagger (venom)
rCold    . . .     Gourm    .   (no shield)
rNeg     . . .     Faith    .   b - +0 robe
rPois    .         Spirit   .   (no helmet)
rElec    .         Reflect  .   (no cloak)
rCorr    .         Harm     .   (no gloves)
MR       .....                  l - +0 pair of boots
Stlth    +++.......             (no amulet)
HPRegen  0.15/turn              (no ring)
MPRegen  0.14/turn              (no ring)

@: drained
A: unchanging attributes, fangs 1, strong nose
a: Renounce Religion


You were on level 5 of the Dungeon.
You worshipped Nemelex Xobeh.
Nemelex Xobeh was noncommittal.
You were not hungry.

You visited 1 branch of the dungeon, and saw 5 of its levels.

You collected 310 gold pieces.

Inventory:

Hand Weapons
 f - a +2 dagger of venom (weapon)
 r - a +3 rapier of draining
Armour
 b - a +0 robe (worn)
 l - a +0 pair of boots (worn)
Jewellery
 q - an uncursed amulet of rage
Wands
 h - a wand of random effects (32/48)
Scrolls
 a - 2 scrolls of remove curse
 e - a scroll of blinking
 i - 2 scrolls of teleportation
Potions
 j - 2 potions of curing
 m - a potion of might
 n - a potion of haste
 p - a potion of ambrosia
Books
 c - a book of Maledictions

   Spells                             Type                      Level
   a - Corona                         Hexes                        1
   b - Ensorcelled Hibernation        Hexes/Ice                    2
   c - Confuse                        Hexes                        3
   d - Tukima's Dance                 Hexes                        3
   e - Dazzling Spray                 Conjuration/Hexes            3
Miscellaneous
 o - a plain deck of summoning
Comestibles
 d - 2 bread rations
 g - 2 meat rations
 k - 4 fruits
 s - 3 chunks of flesh


   Skills:
 - Level 2.1(1.7) Short Blades
 - Level 2.6(2.2) Dodging
 + Level 6.3(5.9) Stealth
 + Level 5.6(5.1) Spellcasting
 + Level 6.7(6.2) Hexes
 + Level 2.9(2.4) Invocations


You had 12 spell levels left.
You knew the following spells:

 Your Spells              Type           Power        Failure   Level  Hunger
b - Ensorcelled Hibernat  Hex/Ice        #.....       12%         2    ###....
c - Confuse               Hex            ##......     6%          3    ###....


Dungeon Overview and Level Annotations

Branches:
Dungeon (5/15)
 Temple: D:4-7

Altars:
Kikubaaqudgha
Makhleb
Nemelex Xobeh
Qazlal
Sif Muna
Uskayaw
Vehumet
Xom
The Shining One

Annotations:
D:5 Menkaure


Innate Abilities, Weirdness & Mutations

Your physical attributes are unchanging.
You have very sharp teeth.
Your uncanny sense of smell can sniff out nearby items.


Message History

* * * LOW HITPOINT WARNING * * *
Things that are here:
2 arrows; a cloak
Okay, then.
You are confused.
You feel invigorated.
You're too confused to move!
The centaur shoots an arrow.
The arrow closely misses you.
The centaur shoots an arrow.
The arrow barely misses you.
You feel less invigorated.
You feel less confused.
You see here an arrow.
The centaur shoots an arrow.
The arrow barely misses you.
Menkaure hums, "Let me perform the rites..."
You see here an arrow.
The centaur shoots an arrow.
The arrow hits you!
* * * LOW HITPOINT WARNING * * *
The centaur shoots an arrow.
The arrow hits you!
You die...
Your body disappears without a glow.

### ####<# ##########
..#.# ###......... #(#.#
#......).... #.
#(#.###.#.#....... ######.
#(#.....#.#.###### .......
#(#######.#†# ..c.... #@#
#.#.# ..M.... #.# #.#.#
....... #c# #.#.######
[......##Z#######.#.......
........(M........>....###
..Z....##########....#.#
....... #....#.# ....Z..
#....#.# ....... #....#.#


You could see Menkaure, a centaur and a bullfrog zombie.

Vanquished Creatures
  Eustachio (D:5)
  An ogre (D:4)
  A big kobold (D:4)
  A scorpion (D:4)
  A jelly (D:5)
  2 worker ants
  3 adders
  2 oozes
  2 worms
  2 dart slugs
  A leopard gecko (D:3)
  4 orcs
  3 ball pythons
  5 bats
  4 giant cockroaches
  5 goblins
  6 hobgoblins
  8 jackals (D:2)
  5 kobolds
  3 frilled lizards
  10 rats
70 creatures vanquished.

Notes
Turn   | Place    | Note
-------+----------+-------------------------------------------
     0 | D:1      | KristoblXynda the Gnoll Enchanter began the quest for the Orb.
     0 | D:1      | Reached XP level 1. HP: 13/13 MP: 4/4
   353 | D:1      | Reached XP level 2. HP: 19/19 MP: 6/6
  1109 | D:1      | Learned a level 2 spell: Ensorcelled Hibernation
  1122 | D:1      | Reached XP level 3. HP: 7/24 MP: 1/7
  1777 | D:2      | Reached XP level 4. HP: 9/30 MP: 9/9
  2088 | D:2      | Reached skill level 5 in Hexes
  2355 | D:2      | Found a glowing golden altar of the Shining One.
  2834 | D:3      | Learned a level 3 spell: Confuse
  2895 | D:3      | Found an ancient bone altar of Kikubaaqudgha.
  3247 | D:4      | Found a burning altar of Makhleb.
  3256 | D:4      | Reached XP level 5. HP: 27/35 MP: 7/11
  3374 | D:4      | Reached skill level 5 in Stealth
  3482 | D:4      | Found a shimmering altar of Xom.
  3483 | D:4      | Found a hide-covered altar of Uskayaw.
  3483 | D:4      | Found a radiant altar of Vehumet.
  3485 | D:4      | Found a deep blue altar of Sif Muna.
  3485 | D:4      | Found a stormy altar of Qazlal.
  3515 | D:4      | Found a sparkling altar of Nemelex Xobeh.
  3531 | D:4      | Became a worshipper of Nemelex Xobeh the Trickster
  3539 | D:4      | Noticed a big kobold
  3548 | D:4      | Killed a big kobold
  3548 | D:4      | Reached skill level 1 in Invocations
  3548 | D:4      | Reached XP level 6. HP: 41/41 MP: 11/13
  3697 | D:4      | Received a gift from Nemelex Xobeh
  3794 | D:4      | Reached skill level 5 in Spellcasting
  3805 | D:5      | Entered Level 5 of the Dungeon
  3854 | D:5      | Noticed Eustachio
  3870 | D:5      | Killed Eustachio
  3870 | D:5      | Reached XP level 7. HP: 24/46 MP: 3/15
  3968 | D:5      | Noticed Menkaure
  3981 | D:5      | HP: 1/46 [centaur/arrow (13)]
  3981 | D:5      | Shot with an arrow by a centaur

Vault maps used:
D:1:      dpeg_arrival_tiny_k
D:2:      first_bread, supply_closet_lemuel, tso_altar
D:3:      nicolae_overflow_hidden_temple
D:4:      grunt_temple_overflow_open, kennysheep_little_box,
          nemelex_dance_club_becter
D:5:      temple_statues, portal_sewer_entry_c, basic_altar, uniq_eustachio,
          uniq_menkaure

Skill      XL: |  1  2  3  4  5  6 |
---------------+-------------------+-----
Stealth        | 4 5 6 |  6.3
Short Blades   | 2 |  2.1
Hexes          | 5 6 |  6.7
Spellcasting   | 4 5 |  5.6
Invocations    | 1 2 |  2.9
Dodging        | |  2.6

Action                   |  1- 3 |  4- 6 |  7- 9 || total
-------------------------+-------+-------+-------++-------
Melee: Dagger            |   109 |   132 |       ||   241
       Bite              |     4 |     4 |       ||     8
 Cast: Ensorcelled Hiber |     3 |     6 |       ||     9
       Confuse           |       |     3 |       ||     3
  Use: Scroll            |       |    15 |       ||    15
       Potion            |       |     2 |     1 ||     3
 Stab: Sleeping          |     5 |    13 |       ||    18
  Eat: Chunk             |     3 |     2 |     1 ||     6
       Meat ration       |       |     1 |       ||     1
Armor: Robe              |    22 |    24 |       ||    46
Dodge: Dodged            |    84 |    83 |     6 ||   173
